 Dungeon Crawl Stone Soup version 0.18.1-8-gdd0e5ea (webtiles) character file.

194 manyhoops the Covered (level 5, -9/33 HPs)
             Began as a Gargoyle Fighter on June 7, 2016.
             Was an Initiate of Makhleb.
             Killed by divine providence
             ... invoked by an orc priest
              (14 damage)
             ... on level 3 of the Dungeon.
             The game lasted 00:05:58 (2747 turns).

manyhoops the Covered (Gargoyle Fighter)            Turns: 2747, Time: 00:05:59

Health: -9/33      AC: 18    Str: 21    XL:     5   Next: 73%
Magic:  5/5        EV:  7    Int:  8    God:    Makhleb [......]
Gold:   104        SH:  9    Dex:  9    Spells: 0 memorised, 4 levels left

rFire  . . .     SeeInvis .     a - +0 flail
rCold  . . .     Gourm    .     b - +0 scale mail
rNeg   + . .     Faith    .     c - +0 shield
rPois  ∞         Spirit   .     r - +2 helmet
rElec  +         Dismiss  .     o - +1 cloak
rCorr  .         Reflect  .     e - +0 pair of gloves
SustAt .         Harm     .     (no boots)
MR     .....                    (no amulet)
Stlth  ..........               (no ring)
                                (no ring)

@: very slightly contaminated, hasted, very quick, not resistant to hostile
enchantments, extremely unstealthy
A: negative energy resistance 1, electricity resistance, unbreathing,
petrification resistance, rot immunity, AC +4
a: Renounce Religion


You were on level 3 of the Dungeon.
You worshipped Makhleb.
Makhleb was noncommittal.
You were hungry.

You visited 1 branch of the dungeon, and saw 3 of its levels.

You collected 104 gold pieces.

Inventory:

Hand Weapons
 a - a +0 flail (weapon)
Armour
 b - a +0 scale mail (worn)
 c - a +0 shield (worn)
 e - a +0 pair of gloves (worn)
 o - a +1 cloak (worn)
 r - a +2 helmet (worn)
Wands
 q - a wand of hasting (0/9)
 v - a wand of digging (13/24)
Scrolls
 g - 2 scrolls of identify {unknown}
 m - a scroll of enchant armour
Potions
 d - 3 potions of might
 h - a potion of ambrosia {unknown}
 j - a potion of cure mutation {unknown}
 k - 2 potions of heal wounds {unknown}
 n - a potion of mutation {unknown}
 u - a potion of lignification {unknown}
Books
 t - a book of Transfigurations

   Spells                             Type                      Level
   a - Irradiate                      Conjuration/Transmutation    5
   b - Statue Form                    Transmutation/Earth          6
   c - Hydra Form                     Transmutation                6
   d - Dragon Form                    Transmutation                7
Comestibles
 f - 2 bread rations
 i - 4 chunks of flesh
 l - 2 meat rations
 p - 4 fruits
 s - 3 beef jerkies


   Skills:
 + Level 4.1 Fighting
 + Level 3.4 Maces & Flails
 + Level 5.0 Armour
 - Level 4.0 Shields


You had 4 spell levels left.
You didn't know any spells.

Dungeon Overview and Level Annotations

Branches:
Dungeon (3/15)

Altars:
Elyvilon
Makhleb
Yredelemnul

Annotations:
D:3 daning's ghost, amateur HEAM


Innate Abilities, Weirdness & Mutations

You are resistant to torment.
Your stone body is resilient (AC +4).
You are immune to poison.
You resist negative energy.
You are resistant to electric shocks.
You can survive without breathing.
You are immune to petrification.
You are immune to rotting.


Message History

The orc priest invokes the aid of Beogh against you.
Beogh smites you!
* * * LOW HITPOINT WARNING * * *
The adder bites you but does no damage.
You miss the adder.
The adder is almost dead.
You block the adder's attack.
Your shield and scale mail prevent you from hitting the adder.
The adder is almost dead.
You block the adder's attack.
You sock the adder!
You kill the adder!
Makhleb accepts your kill.
The orc priest hits you but does no damage.
Items here: ) [[ †† an enchanted flail; a leather armour; a robe; an adder corpse; an orc corpse You closely miss the orc priest.
The orc priest mumbles some strange prayers to Beogh against you.
Beogh smites you!
You die...

##...#.#.....##..#.#
###.h........###.#.#
h.#..........# #.#.#
..§.)........# #.#.#
...(÷........# #†#.#
....†........# #.#.
.............###.#
...........>..##.#
..............##@#
................o..#
...................#
..#..........##....#
######.......##....#
##########...>#
#....# #....#


You could see an orc priest.

Vanquished Creatures
  An orc priest (D:3)
  Natasha (twice) (D:3)
  5 adders
  An ooze (D:1)
  3 worms
  2 giant geckos (D:3)
  2 orcs (D:3)
  5 bats
  A giant cockroach (D:1)
  12 hobgoblins
  A quokka (D:2)
  2 ball pythons
  5 giant newts
  A goblin (D:2)
  6 kobolds
  10 rats
59 creatures vanquished.

Vanquished Creatures (others)
  A dart slug (D:2)
  A quokka (D:2)
2 creatures vanquished.

Grand Total: 61 creatures vanquished

Notes
Turn   | Place    | Note
--------------------------------------------------------------
     0 | D:1      | manyhoops the Gargoyle Fighter began the quest for the Orb.
     0 | D:1      | Reached XP level 1. HP: 14/14 MP: 1/1
   285 | D:1      | Reached XP level 2. HP: 19/19 MP: 2/2
   850 | D:1      | Reached XP level 3. HP: 17/23 MP: 3/3
  1005 | D:2      | Found a burning altar of Makhleb.
  1140 | D:2      | Found a white marble altar of Elyvilon.
  1168 | D:2      | Found a basalt altar of Yredelemnul.
  1294 | D:2      | Reached skill level 4 in Armour
  1294 | D:2      | Reached XP level 4. HP: 28/29 MP: 4/4
  1532 | D:2      | You fall through a shaft!
  2059 | D:3      | Noticed Natasha
  2105 | D:3      | Noticed daning's ghost (amateur HEAM)
  2288 | D:2      | Became a worshipper of Makhleb the Destroyer
  2399 | D:3      | Killed Natasha
  2596 | D:3      | Reached XP level 5. HP: 33/33 MP: 5/5
  2695 | D:3      | Noticed Natasha
  2705 | D:3      | Killed Natasha
  2732 | D:3      | Reached skill level 5 in Armour
  2747 | D:3      | Killed from afar by an orc priest

Skill      XL: |  1  2  3  4  5 |
---------------+----------------+-----
Shields        | 4 |  4.0
Armour         | 4 5 |  5.0
Maces & Flails | 3 |  3.4
Fighting       | 4 |  4.1

Action                   |  1- 3 |  4- 6 || total
-------------------------+-------+-------++-------
Melee: Flail             |   162 |   153 ||   315
Evoke: Wand              |       |     1 ||     1
  Use: Scroll            |     1 |     3 ||     4
  Eat: Chunk             |     1 |     5 ||     6
Armor: Scale mail        |   117 |    96 ||   213
Dodge: Dodged            |    72 |    38 ||   110
Block: Shield            |    95 |    93 ||   188
